 Dungeon Sprint DCSS version 0.17-a0-1850-g688e747 (webtiles) character file.

1185 luca467 the Martial Artist (level 8, -8/69 HPs)
             Began as a Demonspawn Monk on Sept 18, 2015.
             Was a Believer of Dithmenos.
             Mangled by a deep troll (23 damage)
             ... in the Dungeon (Sprint I: "Red Sonja").
             The game lasted 00:05:55 (1289 turns).

luca467 the Martial Artist (Demonspawn Monk)        Turns: 1289, Time: 00:05:56

Health: -8/69      AC:  4    Str: 12    XL:     8   Next: 19%
Magic:  8/8        EV: 18    Int: 11    God:    Dithmenos [**....]
Gold:   418        SH:  2    Dex: 18    Spells: 0 memorised, 7 levels left

rFire  . . .     SeeInvis .       - Unarmed
rCold  . . .     Clarity  .     a - +0 robe
rNeg   . . .     SustAt   .     (no shield)
rPois  .         Gourm    .     (no helmet)
rElec  .         Spirit   .     (no cloak)
rCorr  .         Warding  .     (no gloves)
rMut   .         NoTele   +     (no boots)
MR     .....                    (no amulet)
Stlth  +++++.....               (no ring)
                                (no ring)

@: hasted, wreathed by umbra, very quick, not resistant to hostile enchantments,
quite stealthy
A: talons 1, large bone plates 1, spiny 1
a: Shadow Step, Renounce Religion


You were in the Dungeon.
You worshipped Dithmenos.
Dithmenos was pleased with you.
You were very hungry.

You visited 1 branch You collected 418 gold pieces.

Inventory:

Armour
 a - a +0 robe (worn)
Scrolls
 h - a scroll of blinking
 i - a scroll of identify {unknown}
Potions
 c - a potion of curing
 f - 2 potions of magic
 g - a potion of berserk rage
Comestibles
 b - a bread ration


   Skills:
 + Level 8.7 Fighting
 + Level 8.0 Dodging
 + Level 8.4 Stealth
 * Level 11.0 Unarmed Combat


You had 7 spell levels left.
You didn't know any spells.

Dungeon Overview and Level Annotations

Branches:
Dungeon (1/1)

Altars:
Cheibriados
Dithmenos
Elyvilon
Fedhas
Gozag
Kikubaaqudgha
Makhleb
Nemelex Xobeh
Okawaru
Qazlal
Ru
Sif Muna
Trog
Vehumet
Xom
Yredelemnul
Zin
The Shining One
Jiyva

Shops:
D }=


Innate Abilities, Weirdness & Mutations

You have sharp toenails.
You are partially covered in large bone plates (AC +2, SH +2).
You are partially covered in sharp spines.


Message History

The deep troll is lightly wounded.
The deep troll is struck by your spines.
The deep troll bites you but does no damage.
The deep troll claws you!
The deep troll claws you but does no damage.
You punch the deep troll!
You claw the deep troll, but do no damage.
The deep troll is moderately wounded.
You hit the deep troll.
The deep troll is moderately wounded.
You block the deep troll's attack. The deep troll claws you!
* * * LOW HITPOINT WARNING * * *
The deep troll completely misses you.
Drink which item? (? for menu, Esc to quit)
You feel much better. The deep troll bites you! The deep troll misses you.
The deep troll claws you!
* * * LOW HITPOINT WARNING * * *
Drink which item? (? for menu, Esc to quit)
You feel yourself speed up. The deep troll bites you!!
You die...

#..#####'#####'#__#
#..####..#...#.####
#..#__####..##.#
#..#_..__##'#..+
#⌠⌠#_.∩...'..._#
####_..._##_.#+#
#_____###)#
############.####+###
#∩........'..@T$$.$$+
###++++####...#######
##.## #+#


You could see a deep troll.

Vanquished Creatures
  Sonja (D)
  A slime creature (D)
  Sigmund (D)
  A yak (D)
  An ogre (D)
  A jelly (D)
  Ijyb (D)
7 creatures vanquished.

Vanquished Creatures (others)
  A gargoyle (D)
1 creature vanquished.

Grand Total: 8 creatures vanquished

Notes
Turn   | Place    | Note
--------------------------------------------------------------
     0 | D        | luca467 the Demonspawn Monk began the quest for the Orb.
     0 | D        | Reached XP level 1. HP: 18/18 MP: 1/1
     1 | D        | Noticed Ijyb
    16 | D        | Killed Ijyb
    16 | D        | Reached skill level 4 in Fighting
    16 | D        | Reached skill level 5 in Unarmed Combat
    16 | D        | Gained mutation: You are partially covered in large bone plates (AC +2, SH +2). [demonic ancestry]
    16 | D        | Reached XP level 2. HP: 15/25 MP: 2/2
   137 | D        | Noticed an ogre
   147 | D        | Killed an ogre
   147 | D        | Reached skill level 5 in Fighting
   147 | D        | Reached skill level 6 in Unarmed Combat
   147 | D        | Reached XP level 3. HP: 14/33 MP: 3/3
   147 | D        | Gained mutation: You are partially covered in sharp spines. [demonic ancestry]
   147 | D        | Reached XP level 4. HP: 16/39 MP: 4/4
   331 | D        | Noticed Sigmund
   338 | D        | Killed Sigmund
   338 | D        | Reached skill level 5 in Dodging
   338 | D        | Reached skill level 5 in Stealth
   338 | D        | Reached skill level 8 in Unarmed Combat
   338 | D        | Reached XP level 5. HP: 18/46 MP: 5/5
   532 | D        | Found a deep blue altar of Sif Muna.
   533 | D        | Noticed a jelly
   534 | D        | Found a radiant altar of Vehumet.
   540 | D        | Killed a jelly
   540 | D        | Reached XP level 6. HP: 45/53 MP: 6/6
   559 | D        | Found Mano's Jewellery Emporium.
   559 | D        | Found a white marble altar of Elyvilon.
   559 | D        | Found a stormy altar of Qazlal.
   559 | D        | Found a burning altar of Makhleb.
   559 | D        | Found a sacrificial altar of Ru.
   559 | D        | Found a basalt altar of Yredelemnul.
   559 | D        | Found a glowing golden altar of the Shining One.
   559 | D        | Found a sparkling altar of Nemelex Xobeh.
   559 | D        | Found a shimmering altar of Xom.
   559 | D        | Found an opulent altar of Gozag.
   559 | D        | Found an ancient bone altar of Kikubaaqudgha.
   559 | D        | Found a glowing silver altar of Zin.
   559 | D        | Noticed a yak
   560 | D        | Found an iron altar of Okawaru.
   601 | D        | Killed a yak
   601 | D        | Reached skill level 9 in Unarmed Combat
   602 | D        | Found a bloodstained altar of Trog.
   788 | D        | Found a viscous altar of Jiyva.
   788 | D        | Found a blossoming altar of Fedhas.
   788 | D        | Noticed a slime creature
   789 | D        | Found a snail-covered altar of Cheibriados.
   789 | D        | Found a shadowy altar of Dithmenos.
   801 | D        | Killed a slime creature
   801 | D        | Reached XP level 7. HP: 17/61 MP: 7/7
  1020 | D        | Became a worshipper of Dithmenos the Shadowed
  1020 | D        | Acquired Dithmenos's first power
  1029 | D        | Noticed Sonja
  1040 | D        | Killed Sonja
  1040 | D        | Reached skill level 11 in Unarmed Combat
  1040 | D        | Gained mutation: You have sharp toenails. [demonic ancestry]
  1040 | D        | Reached XP level 8. HP: 30/69 MP: 8/8
  1107 | D        | Killed a gargoyle
  1257 | D        | Found Wipykhal's Gadget Boutique.
  1277 | D        | Noticed a deep troll
  1289 | D        | Mangled by a deep troll

Vault maps used:
D:        dungeon_sprint_1

Action                   |  1- 3 |  4- 6 |  7- 9 || total
-------------------------+-------+-------+-------++-------
Melee: Unarmed           |    22 |    33 |    11 ||    66
  Use: Potion            |       |       |     2 ||     2
 Stab: Sleeping          |     1 |     2 |     1 ||     4
